 Dungeon Crawl Stone Soup version 0.31-a0-656-gb4d89c20fa (webtiles) character file.

Game seed: 11610223253429165769

429 Ofeo the Changeling (level 6, 0/38 HPs)
             Began as an Octopode Shapeshifter on Aug 30, 2023.
             Was an Initiate of Gozag.
             Slain by a hound (6 damage)
             ... on level 4 of the Dungeon.
             The game lasted 00:05:05 (3718 turns).

Ofeo the Changeling (Octopode Shapeshifter)         Turns: 3718, Time: 00:05:05

Health: 0/38       AC:  1    Str: 12 (13) XL:     6   Next: 98%
Magic:  6/6        EV: 13    Int: 10 (13) God:    Gozag
Gold:   347        SH:  0    Dex: 10 (13) Spells: 5/5 levels left

rFire   . .          .
                       - Unarmed
rCold   . . .        (no shield)
rNeg    . . .        (helmet currently unavailable)
rPois   .            (no amulet)
rElec   .            (no ring)
rCorr   .            (no ring)
SInv    .            (no ring)
Will    .....        (no ring)
Stlth   ++           (no ring)
HPRegen 0.26/turn    (no ring)
MPRegen 0.10/turn    (no ring)
                     (no ring)

%: no passive effects
@: beast-form, gold aura
A: beast (slay +3), almost no armour, amphibious, 8 rings, camouflage 1,
gelatinous body 1, (nimble swimmer 1), tentacles, mutation resistance 1
a: Begin Untransformation, Renounce Religion, Potion Petition, Call Merchant,
Bribe Branch


You were on level 4 of the Dungeon.
You worshipped Gozag.
Gozag was aware of your devotion.
You were a hulking beast.
You visited 1 branch of the dungeon, and saw 4 of its levels.

You collected 390 gold pieces.
You paid 43 gold pieces to Gozag.

Inventory:

Talismans
 b - a beast talisman (active)
 c - a flux talisman
Wands
 e - a wand of digging (8) {@v1}
Scrolls
 a - a scroll of revelation
 d - a scroll of noise
 f - a scroll of blinking {unknown}
 i - 3 scrolls of identify {@r1}
Potions
 q - a potion of curing {@q1}


   Skills:
 - Level 1.5 Fighting
 - Level 2.3 Dodging
 - Level 3.2 Unarmed Combat
 + Level 6.7 Shapeshifting


You had 5 spell levels left.
You didn't know any spells.
Your spell library contained the following spells:

 Spells                   Type           Power      Damage    Failure   Level
 Apportation              Tloc           0%         N/A       36%         1
 Freeze                   Ice            0%         1d3       36%         1
 Necrotise                Necr           0%         1d4       36%         1
 Summon Small Mammal      Summ           0%         N/A       36%         1
 Blink                    Tloc           0%         N/A       50%         2
 Lesser Beckoning         Tloc           0%         N/A       50%         2
 Momentum Strike          Conj/Tloc      0%         3d8       50%         2
 Frozen Ramparts          Ice            0%         1d1       75%         3
 Gell's Gravitas          Tloc           0%         N/A       75%         3
 Hailstorm                Conj/Ice       0%         3d3       75%         3
 Teleport Other           Tloc           0%         N/A       75%         3


Dungeon Overview and Level Annotations

Branches:
Dungeon (4/15)
 Temple: D:4-7

Altars:
Gozag
Nemelex Xobeh

Annotations:
D:3 2 runed translucent doors, Crazy Yiuf; Ijyb; jvmiller's ghost, amateur DsMo


Innate Abilities, Weirdness & Mutations

You are a hulking beast.
Your limbs bulge with bestial killing power. (Slay +3)
You cannot wear most types of armour.
You are amphibious.
You can wear up to eight rings at the same time.
Your skin changes colour to match your surroundings (Stealth+).
Your rubbery body absorbs attacks. (AC +1, EV +1)
((You are camouflaged when in or above water. (Stealth+)))
You have tentacles for arms and can constrict up to eight enemies at once.
You are somewhat resistant to further mutation.


Message History

There is an open door here.
You take 3 damage, and have 35/38 hp.
There are monsters nearby!
You miss the hound. You grab the hound. You constrict the hound.
The hound misses you. x2
The gnoll hits you from afar with a +0 spear!
The hound bites you.
You take 12 damage, and have 23/38 hp.
MASSIVE DAMAGE!!
There are monsters nearby!
You bludgeon the hound!
The hound is heavily wounded.
You constrict the hound. The hound bites you. x2
The gnoll hits you from afar with a +0 spear.
The hound completely misses you.
You take 10 damage, and have 13/38 hp.
MASSIVE DAMAGE!!
There are monsters nearby!
You are too injured to fight recklessly!
There are monsters nearby!
You are too injured to fight recklessly!
There are monsters nearby!
You are too injured to fight recklessly!
You release your grip on the hound.
The gnoll attacks as it pursues you! The gnoll barely misses you.
The hound bites you.
* * * LOW HITPOINT WARNING * * *
You take 2 damage, and have 11/38 hp.
You tentacle-slap the hound. Your grab misses the hound.
The hound is severely wounded.
The hound bites you.
* * * LOW HITPOINT WARNING * * *
The gnoll hits you from afar with a +0 spear.
* * * LOW HITPOINT WARNING * * *
You take 6 damage, and have 5/38 hp.
You bludgeon the hound!
You kill the hound!
The gnoll closely misses you.
You feel your strength returning.
You closely miss the hound. You grab the hound. You constrict the hound.
The hound bites you.
You die...
Your body crumbles into a pile of gold.

..........#(#.......##.......#.##
....#.###.#.##...................
....#.###.#)##.....##.##...#.#.##
....#.....#.########...........#
....#######.##...+ ##.###.###..#
)>...........#...# ##.#.<......#
.......#####.#.g.+ #..#.##.....##
.......# #.###h######.####.....
.......# #...PhP.............##
###.#### #.........##.####.#.#
#.# #.###.#.#.##.# #.#.## #.#
#.......#.##.# #.#.#. #.#
#######.#.##.# #.#.#. #.#
#.#.##.# #)#.#. #.#
#.#.##.####.#.#. #.#
#.#.........#.#. ###########
#.####.######.#.


You could see a hound and a gnoll.

Vanquished Creatures
  Grinder (D:3)
  2 hounds (D:4)
  Jessica (D:2)
  An iguana (D:4)
  Robin (D:3)
  5 adders
  A dart slug (D:1)
  An orc (D:3)
  6 endoplasms
  4 giant cockroaches
  17 goblins
  12 hobgoblins
  A kobold (D:4)
  6 quokkas
  6 ball pythons
  4 bats
  3 frilled lizards
  7 rats
79 creatures vanquished.

Notes
Turn   | Place    | Note
-------+----------+-------------------------------------------
     0 | D:1      | Ofeo the Octopode Shapeshifter began the quest for the Orb.
     0 | D:1      | Reached XP level 1. HP: 13/13 MP: 1/1
    39 | D:1      | Reached XP level 2. HP: 18/18 MP: 2/2
   517 | D:1      | You fall into a shaft and drop 1 floor!
   552 | D:2      | Reached XP level 3. HP: 23/23 MP: 3/3
  1407 | D:2      | Noticed Jessica
  1418 | D:2      | Killed Jessica
  1419 | D:2      | Reached skill level 4 in Shapeshifting
  1419 | D:2      | Reached XP level 4. HP: 28/28 MP: 4/4
  1841 | D:3      | Found an opulent altar of Gozag.
  1841 | D:3      | Found a sparkling altar of Nemelex Xobeh.
  1886 | D:3      | Became a worshipper of Gozag Ym Sagoz the Greedy
  1936 | D:3      | Found a runed translucent door.
  1937 | D:3      | Noticed Grinder
  1938 | D:3      | Noticed Ijyb
  1953 | D:3      | Killed Grinder
  1954 | D:3      | Reached skill level 6 in Shapeshifting
  1954 | D:3      | Reached XP level 5. HP: 33/33 MP: 5/5
  1954 | D:3      | Reached XP level 6. HP: 38/38 MP: 6/6
  2045 | D:3      | Noticed jvmiller's ghost (amateur DsMo)
  2165 | D:3      | Noticed Robin
  2388 | D:3      | Killed Robin
  2825 | D:3      | Found a runed translucent door.
  2826 | D:3      | Noticed Crazy Yiuf
  2974 | D:4      | Gained mutation: You are somewhat resistant to further
                  | mutation. [potion of mutation]
  3718 | D:4      | Slain by a hound

Illustrated notes

Levels and vault maps discovered:
D:1:      saegor_arrival_miasma, layout_basic
D:2:      layout_loops_corners, minmay_misc_feat_columns, uniq_jessica
D:3:      layout_basic, grunt_temple_overflow_opulence, ebering_ghost_sewer_d,
          uniq_grinder, uniq_crazy_yiuf_cottage, uniq_robin, uniq_ijyb
D:4:      layout_basic, roderic_serpentine_path, cheibrodos_gnoll_hut

Skill      XL: |  1  2  3  4 |
---------------+-------------+-----
Shapeshifting  | 4 6 |  6.7
Fighting       | |  1.5
Dodging        | |  2.3
Unarmed Combat | |  3.2

Action                     |  1- 3 |  4- 6 || total
---------------------------+-------+-------++-------
  Melee: Unarmed           |    59 |    78 ||   137
         Constrict         |    14 |    19 ||    33
         Tentacles         |     8 |    19 ||    27
         Punch             |     2 |     1 ||     3
    Use: Scroll            |     3 |     3 ||     6
         Potion            |       |     6 ||     6
   Stab: Sleeping          |     6 |     5 ||    11
         Distracted        |     1 |       ||     1
 Armour: Skin              |     5 |     5 ||    10
  Dodge: Dodged            |    25 |    48 ||    73

Table legend: (Time is in decaauts)
 A = Elapsed time spent in this place.
 B = Non-inter-level travel time spent in this place.
 C = Inter-level travel time spent in this place.
 D = Time resting spent in this place.
 E = Time spent auto-exploring this place.
 F = Levels seen in this place.
 G = Mean time per level.
                   A        B        C        D        E       F      G
               +--------+--------+--------+--------+--------+-----+--------+
         Total |   3712 |   3609 |    103 |    382 |   2518 |   4 |  928.0 |
       Dungeon |   3712 |   3609 |    103 |    382 |   2518 |   4 |  928.0 |
               +--------+--------+--------+--------+--------+-----+--------+

Top non-repeatable levels by time:
     D:2: 1080 daAuts
     D:3: 1074 daAuts
     D:1: 779 daAuts
     D:4: 778 daAuts
